 Dungeon Crawl Stone Soup version 0.29-a0-819-g94b489e0ae (webtiles) character file.

Game seed: 128074440266905462

30 xian the Conjurer (level 3, -5/21 HPs)
             Began as an Octopode Conjurer on July 6, 2022.
             Slain by a goblin
             ... wielding a +0 club
             ... led by Robin
              (6 damage)
             ... on level 2 of the Dungeon.
             The game lasted 00:01:57 (1571 turns).

xian the Conjurer (Octopode Conjurer)               Turns: 1571, Time: 00:01:58

Health: -5/21      AC:  1    Str: 12    XL:     3   Next: 20%
Magic:  4/6        EV: 28    Int: 22    God:
Gold:   79         SH:  0    Dex: 10    Spells: 3/6 levels left

rFire   . . .      SeeInvis .   d - +0 spear
rCold   . . .      Faith    .   (no shield)
rNeg    . . .      Spirit   .   (helmet restricted)
rPois   .          Reflect  .   g - amulet of the acrobat
rElec   .          Harm     .   h - +6 ring of strength
rCorr   .          Rampage  .   (no ring)
Will    .....                   (no ring)
Stlth   +++.......              (no ring)
HPRegen 0.07/turn               (no ring)
MPRegen 0.10/turn               (no ring)
                                (no ring)
                                (no ring)

@: acrobatic
A: almost no armour, amphibious, 8 rings, camouflage 1, gelatinous body 1,
(nimble swimmer 1), tentacles
a: no special abilities


You were on level 2 of the Dungeon.
You visited 1 branch of the dungeon, and saw 2 of its levels.

You collected 79 gold pieces.

Inventory:

Hand Weapons
 d - a +0 spear (weapon)
Jewellery
 g - an amulet of the acrobat (around mantle)
 h - a +6 ring of strength (left tentacle)
Scrolls
 b - a scroll of identify {unknown}
 e - a scroll of fear {unknown}
 f - a scroll of enchant weapon {unknown}
Potions
 a - a potion of magic
 c - a potion of lignification {unknown}


   Skills:
 + Level 2.2 Dodging
 + Level 3.0 Stealth
 + Level 2.1 Spellcasting
 + Level 4.7 Conjurations


You had 3 spell levels left.
You knew the following spells:

 Your Spells              Type           Power      Damage    Failure   Level
a - Magic Dart            Conj           92%        1d7       1%          1
b - Searing Ray           Conj           46%        2d6       3%          2

Your spell library contained the following spells:

 Spells                   Type           Power      Damage    Failure   Level
 Dazzling Flash           Conj/Hex       24%        N/A       16%         3
 Fulminant Prism          Conj/Hex       6%         3d7       45%         4
 Iskenderun's Mystic Bla  Conj/Tloc      12%        2d5       45%         4
 Dispersal                Tloc           1%         N/A       100%        6
 Disjunction              Tloc           1%         N/A       100%        8


Dungeon Overview and Level Annotations

Branches:
Dungeon (2/15)

Altars:

Annotations:
D:2 Robin


Innate Abilities, Weirdness & Mutations

You cannot wear most types of armour.
You are amphibious.
You can wear up to eight rings at the same time.
Your skin changes colour to match your surroundings (Stealth+).
Your rubbery body absorbs attacks. (AC +1, EV +1)
((You are camouflaged when in or above water. (Stealth+)))
You have tentacles for arms and can constrict up to eight enemies at once.


Message History

The goblin shouts!
The hobgoblin shouts!
You miss the goblin.
The goblin shouts!
Your grab misses the goblin. You squeeze the goblin.
You kill the goblin!
Your Stealth skill increases to level 3!
You barely miss the goblin. Your grab misses the goblin.
Your squeeze misses the goblin.
Robin of the Strong Arm comes into view.
They are wielding a +0 whip.
The goblin hits you with a +0 club.
You barely miss the goblin. You grab the goblin. You squeeze the goblin.
The goblin is heavily wounded.
You constrict the goblin. The goblin hits you with a +0 club.
You barely miss the goblin.
The goblin is severely wounded.
You constrict the goblin.
You kill the goblin!
The goblin hits you with a +0 club.
You closely miss the goblin. You grab the goblin. You constrict the goblin.
The goblin misses you. The goblin hits you with a +0 dagger.
You barely miss the goblin. You squeeze the goblin.
The goblin is almost dead.
You constrict the goblin.
You kill the goblin!
The goblin barely misses you.
You completely miss the goblin. Your grab misses the goblin.
You squeeze the goblin.
You kill the goblin!
The goblin closely misses you. The goblin attacks as you move away!
The goblin hits you with a +0 club.
* * * LOW HITPOINT WARNING * * *
Robin roars a battlecry!
The goblins go into a battle-frenzy!
The goblin attacks as you move away! The goblin hits you with a +0 club.
* * * LOW HITPOINT WARNING * * *
The goblin completely misses you. The goblin attacks as you move away!
The goblin closely misses you. The goblin attacks as you move away!
The goblin completely misses you. The goblin attacks as you move away!
The goblin hits you with a +0 club.
You die...

#. #.# #. #.# ##.####.# ..
..#.# #. #.#.# #.##.#.#
#......## ##+## ##.>....#
##...## #@#.##.# ##.....##
##g#.##.# ##.......##
##..#.##.#
#.........####..g#.##.####.#.
+.........'.)....g..g)....†..
#.........####...#.##.####†#.
##.......## ##.......#
##.....## ####.#### ##...##
#.#


You could see Robin, a hobgoblin (strong) and a goblin (strong).

Vanquished Creatures
  3 bats
  2 endoplasms (D:1)
  5 goblins (D:2)
  3 hobgoblins (D:1)
  4 jackals (D:2)
  3 quokkas (D:1)
  A ball python (D:1)
  2 kobolds (D:1)
  2 rats
25 creatures vanquished.

Notes
Turn   | Place    | Note
-------+----------+-------------------------------------------
     0 | D:1      | xian the Octopode Conjurer began the quest for the Orb.
     0 | D:1      | Reached XP level 1. HP: 11/11 MP: 3/3
   492 | D:1      | Reached XP level 2. HP: 17/17 MP: 1/5
   542 | D:1      | Learned a level 2 spell: Searing Ray
  1542 | D:2      | Reached XP level 3. HP: 20/21 MP: 1/6
  1557 | D:2      | Noticed Robin
  1566 | D:2      | HP: 1/21 [goblin/+0 club[Robin] (3)]
  1571 | D:2      | Slain by a goblin

Illustrated notes

Levels and vault maps discovered:
D:1:      eino_arrival_druids_welcome, layout_loops_ring,
          hangedman_abyss_or_decor_stabs, minmay_tree_intersection,
          columned_hall_lemuel, st_stairs_11
D:2:      layout_loops_corners, chequers_ecumenical_altar_island, uniq_robin,
          uniq_crazy_yiuf_cottage, uniq_terence

Skill      XL: |  1  2  3 |
---------------+----------+-----
Stealth        | 3 |  3.0
Dodging        | |  2.2
Spellcasting   | |  2.1
Conjurations   | |  4.7

Action                   || total
-------------------------++-------
Melee: Unarmed           ||    11
       Tentacles         ||     7
       Constrict         ||     5
       Spear             ||     9
 Cast: Magic Dart        ||    36
Dodge: Dodged            ||    21

Table legend: (Time is in decaauts)
 A = Elapsed time spent in this place.
 B = Non-inter-level travel time spent in this place.
 C = Inter-level travel time spent in this place.
 D = Time resting spent in this place.
 E = Time spent auto-exploring this place.
 F = Levels seen in this place.
 G = Mean time per level.
                   A        B        C        D        E       F      G
               +--------+--------+--------+--------+--------+-----+--------+
         Total |   1570 |   1516 |     54 |     18 |   1356 |   2 |  785.0 |
       Dungeon |   1570 |   1516 |     54 |     18 |   1356 |   2 |  785.0 |
               +--------+--------+--------+--------+--------+-----+--------+

Top non-repeatable levels by time:
     D:1: 1407 daAuts
     D:2: 163 daAuts
